[Event "94th FRA-ch Women 2019"]
[Site "Chartres"]
[Date "2019.08.21"]
[Round "5.3"]
[White "Milliet, Sophie"]
[Black "Richard, Emma"]
[Result "1/2-1/2"]
[ECO "B30"]
[WhiteElo "2397"]
[BlackElo "2104"]
[Annotator "NA"]
[PlyCount "132"]
[EventDate "2019.08.17"]
[EventType "tourn"]
[EventCountry "FRA"]
[SourceTitle "playchess.com"]
[Source "ChessBase"]
[SourceQuality "1"]
[TimeControl "40/5400+30:1800+30"]

1. e4 c5 2. Nf3 Nc6 3. Bb5 e6 4. O-O Nge7 5. d4 cxd4 6. Nxd4 Ng6 7. Be3 Qc7 8. Be2 Nxd4 9. Bxd4 Bd6 10. g3 O-O 11. c4 b6 12. Nc3 Qb8 13. Qd2 Bb7 14. f4 Bb4 15. a3 Bxc3 16. Bxc3 Qc7 17. b4 f6 18. Rad1 Rad8 19. Qd6 Qc8 20. Bd3 Nh8 21. Qd4 Nf7 22. Rde1 d6 23. Bb2 e5 24. Qe3 Rfe8 25. f5 Qd7 26. h4 Rc8 27. Rf2 Nh6 28. Qe2 b5 29. Rd1 bxc4 30. Bxc4+ Kh8 31. Bb3 Rcd8 32. g4 Bc6 33. g5 Ng8 34. Bc1 Ba4 35. Bxa4 Qxa4 36. g6 h6 37. Qc2 Qa6 38. Qd3 Qb7 39. Be3 Rd7 40. Rc2 Ne7 41. Rc5 Red8 42. Ra5 Qa8 43. b5 d5 44. b6 d4 45. Bd2 Nc8 46. Rb1 Qc6 47. bxa7 Rxa7 48. Rab5 Nd6 49. Rd5 Rda8 50. Rc1 Qb6 51. Bb4 Ne8 52. Qb5 Qxb5 53. Rxb5 Rd7 54. Rd5 Rb7 55. Kf2 Kg8 56. Ke2 Rc7 57. Rcc5 Rb7 58. Kd3 Rc7 59. Rxc7 Nxc7 60. Rd7 Rc8 61. Rd6 Nb5 62. Ra6 Nc3 63. a4 Nd1 64. Be1 Nb2+ 65. Ke2 d3+ 66. Ke3 Rd8 1/2-1/2

[Event "94th FRA-ch Women 2019"]
[Site "Chartres"]
[Date "2019.08.21"]
[Round "5.4"]
[White "Monpeurt, Cyrielle"]
[Black "Maisuradze, Nino"]
[Result "1/2-1/2"]
[ECO "B34"]
[WhiteElo "2171"]
[BlackElo "2203"]
[Annotator "NA"]
[PlyCount "137"]
[EventDate "2019.08.17"]
[EventType "tourn"]
[EventCountry "FRA"]
[SourceTitle "playchess.com"]
[Source "ChessBase"]
[SourceQuality "1"]
[TimeControl "40/5400+30:1800+30"]

1. e4 c5 2. Nc3 Nc6 3. Nge2 g6 4. d4 cxd4 5. Nxd4 Bg7 6. Be3 Nf6 7. Nxc6 bxc6 8. e5 Ng8 9. Bd4 Qa5 10. f4 f6 11. Qd2 fxe5 12. fxe5 c5 13. Bf2 Rb8 14. Bc4 Rxb2 15. Bg3 Ba6 16. Bxa6 Qxa6 17. Rd1 Rb7 18. Qd5 Nh6 19. Ne4 Qc6 20. Qxc6 dxc6 21. Nxc5 Rb4 22. O-O Nf5 23. Ne6 Kf7 24. Nd8+ Ke8 25. Nxc6 Rc4 26. Rd8+ Kf7 27. Rxh8 Bxh8 28. Nxa7 Ke6 29. Bf4 Nd4 30. g3 Rc7 31. Be3 Bxe5 32. Rd1 Nf5 33. Bf2 Rxc2 34. a3 Rc4 35. Nb5 Nd6 36. Nd4+ Kd7 37. Nf3 Bf6 38. Bd4 Bxd4+ 39. Nxd4 Rc5 40. Ne2 Rc2 41. Kf2 e5 42. Ra1 Nf5 43. Ke1 Nd4 44. Nxd4 exd4 45. Rd1 Rxh2 46. Rxd4+ Ke6 47. Rh4 Rg2 48. Rxh7 Rxg3 49. a4 Ra3 50. Rh4 Ra2 51. Kf1 Kf5 52. Rb4 g5 53. Kg1 Kg6 54. Rb6+ Kh5 55. Rb4 g4 56. Rc4 Kh4 57. Rc1 Kh3 58. Rb1 Rxa4 59. Rb3+ g3 60. Rb1 Ra2 61. Rc1 Rg2+ 62. Kh1 Rb2 63. Kg1 Rb3 64. Ra1 g2 65. Rc1 Rf3 66. Ra1 Kg3 67. Rb1 Re3 68. Ra1 Kf3 69. Rb1 1/2-1/2

[Event "94th FRA-ch Women 2019"]
[Site "Chartres"]
[Date "2019.08.21"]
[Round "5.5"]
[White "Leconte, Maria"]
[Black "Safranska, Anda"]
[Result "1/2-1/2"]
[ECO "B15"]
[WhiteElo "2252"]
[BlackElo "2128"]
[Annotator "NA"]
[PlyCount "65"]
[EventDate "2019.08.17"]
[EventType "tourn"]
[EventCountry "FRA"]
[SourceTitle "playchess.com"]
[Source "ChessBase"]
[SourceQuality "1"]
[TimeControl "40/5400+30:1800+30"]

1. e4 c6 2. d4 d5 3. Nc3 dxe4 4. Nxe4 Nf6 5. Nxf6+ exf6 6. c3 Bf5 7. Bd3 Bxd3 8. Qxd3 Bd6 9. Qe4+ Qe7 10. Qxe7+ Kxe7 11. Ne2 Nd7 12. O-O Nb6 13. Ng3 Bxg3 14. fxg3 Rhe8 15. Bf4 Kd7 16. Rae1 Nd5 17. Bd2 b5 18. g4 a5 19. Kf2 a4 20. Re2 Re6 21. Rxe6 fxe6 22. Ke2 Kd6 23. Kd3 h6 24. Be1 c5 25. Bg3+ Kc6 26. dxc5 Kxc5 27. Bf2+ Kc6 28. Re1 Re8 29. b3 axb3 30. axb3 Nc7 31. c4 Rd8+ 32. Kc3 bxc4 33. bxc4 1/2-1/2

[Event "94th FRA-ch Women 2019"]
[Site "Chartres"]
[Date "2019.08.22"]
[Round "6.1"]
[White "Richard, Emma"]
[Black "Thomas, Anysia"]
[Result "1-0"]
[ECO "B31"]
[WhiteElo "2104"]
[BlackElo "2158"]
[Annotator "NA"]
[PlyCount "57"]
[EventDate "2019.08.17"]
[EventType "tourn"]
[EventCountry "FRA"]
[SourceTitle "playchess.com"]
[Source "ChessBase"]
[SourceQuality "1"]
[TimeControl "40/5400+30:1800+30"]

1. e4 c5 2. Nc3 Nc6 3. Nf3 g6 4. Bb5 Nd4 5. Ba4 Bg7 6. O-O a6 7. Nxd4 cxd4 8. Ne2 b5 9. Bb3 Bb7 10. d3 e6 11. f4 Ne7 12. f5 Nc6 13. a3 O-O 14. Qe1 a5 15. Qg3 a4 16. Ba2 Bc8 17. Bg5 f6 18. fxe6 dxe6 19. Bf4 Rf7 20. h4 Raa7 21. h5 g5 22. Bd2 h6 23. c3 Kh8 24. cxd4 Nxd4 25. Nxd4 Qxd4+ 26. Be3 Qxb2 27. Bxa7 Rxa7 28. Qb8 Kh7 29. Qxa7 1-0

[Event "94th FRA-ch Women 2019"]
[Site "Chartres"]
[Date "2019.08.22"]
[Round "6.2"]
[White "Safranska, Anda"]
[Black "Guichard, Pauline"]
[Result "0-1"]
[ECO "C00"]
[WhiteElo "2128"]
[BlackElo "2405"]
[Annotator "NA"]
[PlyCount "110"]
[EventDate "2019.08.17"]
[EventType "tourn"]
[EventCountry "FRA"]
[SourceTitle "playchess.com"]
[Source "ChessBase"]
[SourceQuality "1"]
[TimeControl "40/5400+30:1800+30"]

1. Nf3 d5 2. g3 Nf6 3. Bg2 e6 4. d3 Be7 5. O-O O-O 6. Nbd2 c5 7. e4 Nc6 8. Re1 b5 9. e5 Nd7 10. Nf1 Bb7 11. h4 Qc7 12. Bf4 Rfc8 13. N1h2 Bf8 14. h5 h6 15. Ng4 Qd8 16. a3 a5 17. Qd2 a4 18. Rad1 b4 19. Ra1 Ra6 20. Bf1 Rca8 21. Qc1 Rb6 22. Be3 Ne7 23. Bg2 Bc6 24. axb4 Rxb4 25. Bf4 Rab8 26. Ra2 d4 27. c3 dxc3 28. bxc3 R4b7 29. c4 Rb3 30. Rd1 Nf5 31. Ne3 Nxe3 32. Qxe3 Qb6 33. Nd2 Rb4 34. Bxc6 Qxc6 35. Qe4 Qc7 36. Rda1 Nb6 37. Qf3 Rd8 38. Ra3 Qd7 39. Be3 Be7 40. Ne4 Rc8 41. Qg4 Kh8 42. Qe2 Qc7 43. Bf4 Qc6 44. Kh2 Rd8 45. Be3 Nxc4 46. dxc4 Qxe4 47. Rxa4 Rxa4 48. Rxa4 Rb8 49. Qf1 Qxe5 50. Qh3 Rb2 51. Kg1 Rb1+ 52. Kh2 Qe4 53. Qg2 Qg4 54. Qa8+ Kh7 55. Kg2 Qd1 0-1

[Event "94th FRA-ch Women 2019"]
[Site "Chartres"]
[Date "2019.08.22"]
[Round "6.3"]
[White "Navrotescu, Andreea-Cristiana"]
[Black "Milliet, Sophie"]
[Result "1/2-1/2"]
[ECO "E70"]
[WhiteElo "2210"]
[BlackElo "2397"]
[Annotator "NA"]
[PlyCount "130"]
[EventDate "2019.08.17"]
[EventType "tourn"]
[EventCountry "FRA"]
[SourceTitle "playchess.com"]
[Source "ChessBase"]
[SourceQuality "1"]
[TimeControl "40/5400+30:1800+30"]

1. d4 Nf6 2. c4 c5 3. d5 g6 4. Nc3 Bg7 5. e4 d6 6. Nge2 b5 7. cxb5 a6 8. Ng3 O-O 9. a4 h5 10. h4 Ng4 11. f3 Be5 12. Nge2 axb5 13. fxg4 Bxg4 14. Qc2 Na6 15. Nf4 Nb4 16. Qb1 e6 17. Bxb5 Qe7 18. Ra3 c4 19. Nce2 exd5 20. O-O Qxh4 21. g3 Qe7 22. Bd2 Bxe2 23. Nxe2 Nd3 24. Rxd3 cxd3 25. Qxd3 h4 26. Bf4 hxg3 27. Qxg3 Bxf4 28. Rxf4 dxe4 29. Bc4 d5 30. Bb5 Rac8 31. Nd4 Qc5 32. Qe3 f5 33. Bd7 Qc1+ 34. Qxc1 Rxc1+ 35. Rf1 Rc4 36. Rd1 Rb8 37. b3 Rc5 38. Be6+ Kh7 39. Kf2 f4 40. Bf7 Rc3 41. Bxd5 Re8 42. a5 Re5 43. Ne2 Rf3+ 44. Ke1 Re3 45. Kf2 Rh5 46. Ng1 Rh2+ 47. Kf1 f3 48. a6 Ra2 49. Bc4 Rc3 50. Bd5 f2 51. Ne2 Rcc2 52. a7 Rxa7 53. Bxe4 Rb2 54. Bd5 Kh6 55. Kxf2 Rd7 56. Rh1+ Kg5 57. Bc4 Rd8 58. Rg1+ Kf6 59. Rg3 g5 60. Re3 Rd1 61. Kg3 Kf5 62. Rf3+ Kg6 63. Rf2 Rdd2 64. Bf7+ Kg7 65. Bc4 Kg6 1/2-1/2

[Event "94th FRA-ch Women 2019"]
[Site "Chartres"]
[Date "2019.08.22"]
[Round "6.4"]
[White "Leconte, Maria"]
[Black "Monpeurt, Cyrielle"]
[Result "1-0"]
[ECO "C77"]
[WhiteElo "2252"]
[BlackElo "2171"]
[Annotator "NA"]
[PlyCount "111"]
[EventDate "2019.08.17"]
[EventType "tourn"]
[EventCountry "FRA"]
[SourceTitle "playchess.com"]
[Source "ChessBase"]
[SourceQuality "1"]
[TimeControl "40/5400+30:1800+30"]

1. e4 e5 2. Nf3 Nc6 3. Bb5 a6 4. Ba4 Nf6 5. d3 b5 6. Bb3 Be7 7. Nc3 d6 8. a3 Na5 9. Ba2 c5 10. Nd5 Nxd5 11. Bxd5 Bb7 12. b4 Bxd5 13. exd5 Nb7 14. O-O O-O 15. c3 Bf6 16. Nd2 Bg5 17. Ne4 Bxc1 18. Qxc1 Rc8 19. f4 f6 20. Qd2 Qd7 21. Rac1 Rc7 22. c4 Rfc8 23. fxe5 fxe5 24. Ng5 Qg4 25. Ne6 Re7 26. Qf2 h6 27. h3 Qg6 28. Qh4 Rxe6 29. dxe6 Qxe6 30. Qe4 Nd8 31. cxb5 axb5 32. bxc5 dxc5 33. d4 exd4 34. Qd3 Qd7 35. Rce1 Nf7 36. Re4 Re8 37. Rf5 Rxe4 38. Qxe4 Ng5 39. Qa8+ Kh7 40. Rxc5 Qe7 41. Qd5 Ne4 42. Rc6 Ng3 43. Qe6 Qg5 44. h4 Qh5 45. Kf2 Nh1+ 46. Ke1 Qxh4+ 47. Kd2 Qg5+ 48. Kd3 Ng3 49. Kxd4 Nf5+ 50. Kd3 Qg3+ 51. Ke4 Qg4+ 52. Ke5 Qe2+ 53. Kxf5 Qf2+ 54. Ke5 Qg3+ 55. Kd5 Qxg2+ 56. Qe4+ 1-0

[Event "94th FRA-ch Women 2019"]
[Site "Chartres"]
[Date "2019.08.22"]
[Round "6.5"]
[White "Maisuradze, Nino"]
[Black "Broly, Mathilde"]
[Result "1-0"]
[ECO "A16"]
[WhiteElo "2203"]
[BlackElo "2177"]
[Annotator "NA"]
[PlyCount "85"]
[EventDate "2019.08.17"]
[EventType "tourn"]
[EventCountry "FRA"]
[SourceTitle "playchess.com"]
[Source "ChessBase"]
[SourceQuality "1"]
[TimeControl "40/5400+30:1800+30"]

1. c4 Nf6 2. Nc3 d5 3. cxd5 Nxd5 4. g3 Nb6 5. Bg2 g6 6. Nf3 Bg7 7. O-O O-O 8. d3 c6 9. Qc2 a5 10. Rb1 Na6 11. a3 Nc7 12. b3 e5 13. Bb2 f5 14. b4 a4 15. Bc1 Ncd5 16. Bd2 h6 17. b5 Qf6 18. bxc6 bxc6 19. Nxd5 Nxd5 20. Bb4 Re8 21. Nd2 Kh7 22. Bc5 Ba6 23. Rfe1 e4 24. dxe4 Nc3 25. Rb4 Nxe2+ 26. Rxe2 Bxe2 27. Bd4 Qf7 28. Bxg7 Qxg7 29. exf5 Rad8 30. fxg6+ Kh8 31. h4 Qa1+ 32. Kh2 Qf6 33. Rf4 Qe5 34. Qxc6 Rxd2 35. Re4 Bb5 36. g7+ Kg8 37. Qxh6 Qxg7 38. Qxd2 Rxe4 39. Bxe4 Bd7 40. Bd5+ Kf8 41. Qf4+ Ke8 42. h5 Qh7 43. Qe4+ 1-0

[Event "94th FRA-ch Women 2019"]
[Site "Chartres"]
[Date "2019.08.23"]
[Round "7.1"]
[White "Thomas, Anysia"]
[Black "Navrotescu, Andreea-Cristiana"]
[Result "0-1"]
[ECO "D30"]
[WhiteElo "2158"]
[BlackElo "2210"]
[Annotator "NA"]
[PlyCount "94"]
[EventDate "2019.08.17"]
[EventType "tourn"]
[EventCountry "FRA"]
[SourceTitle "playchess.com"]
[Source "ChessBase"]
[SourceQuality "1"]
[TimeControl "40/5400+30:1800+30"]

1. d4 Nf6 2. c4 e6 3. g3 d5 4. Nf3 Bb4+ 5. Bd2 Bd6 6. Bg2 c6 7. Qc2 O-O 8. O-O Nbd7 9. Bc3 Ne4 10. Nfd2 f5 11. Nxe4 fxe4 12. f3 exf3 13. Rxf3 Rxf3 14. Bxf3 dxc4 15. Nd2 Nb6 16. Be4 h6 17. Rf1 Bd7 18. Bh7+ Kh8 19. Ne4 Be8 20. Nxd6 Qxd6 21. Be4 Bh5 22. e3 Rf8 23. Rxf8+ Qxf8 24. Ba5 Nd5 25. Bd2 Be2 26. Qc1 Nf6 27. Bg2 Bd3 28. Qe1 Be4 29. Bb4 Qf7 30. Qf1 Bxg2 31. Kxg2 b5 32. Bd6 Kg8 33. Bf4 Qg6 34. Kg1 Qf5 35. Qe1 Qc2 36. Qf2 Qb1+ 37. Kg2 Qxa2 38. Bd6 Qb1 39. Ba3 Qe4+ 40. Kg1 Ng4 41. Qf4 Qxe3+ 42. Qxe3 Nxe3 43. Kf2 Nd5 44. Bc5 a5 45. Kf3 b4 46. Ke4 a4 47. Ke5 a3 0-1

[Event "94th FRA-ch Women 2019"]
[Site "Chartres"]
[Date "2019.08.23"]
[Round "7.2"]
[White "Milliet, Sophie"]
[Black "Maisuradze, Nino"]
[Result "1-0"]
[ECO "B30"]
[WhiteElo "2397"]
[BlackElo "2203"]
[Annotator "NA"]
[PlyCount "163"]
[EventDate "2019.08.17"]
[EventType "tourn"]
[EventCountry "FRA"]
[SourceTitle "playchess.com"]
[Source "ChessBase"]
[SourceQuality "1"]
[TimeControl "40/5400+30:1800+30"]

1. e4 c5 2. Nf3 Nc6 3. Bb5 Nf6 4. Bxc6 dxc6 5. d3 Bg4 6. h3 Bh5 7. b3 Nd7 8. Bb2 Qc7 9. Nbd2 e5 10. g4 Bg6 11. Nh4 f6 12. Nxg6 hxg6 13. g5 Bd6 14. Qg4 Nf8 15. O-O-O Qd7 16. Nc4 b5 17. Nxd6+ Qxd6 18. f4 exf4 19. gxf6 gxf6 20. e5 Qe6 21. Qxf4 f5 22. Kb1 O-O-O 23. Qe3 Qe7 24. Rhg1 Rg8 25. Qf3 Kb7 26. c4 bxc4 27. dxc4 Ne6 28. Rxd8 Nxd8 29. Rd1 Nf7 30. Qf2 Rd8 31. Rg1 Rg8 32. h4 Nh6 33. Qd2 Ng4 34. Rd1 Re8 35. a3 Kb6 36. Ka1 Qxh4 37. b4 Nxe5 38. Qe3 Qxc4 39. Bxe5 Kb5 40. bxc5 Ka6 41. Rb1 Qe4 42. Qxe4 fxe4 43. Bd4 e3 44. Re1 e2 45. Kb2 Kb5 46. Kc3 Ka4 47. Kd3 Re7 48. Be3 Kxa3 49. Rxe2 Kb3 50. Rg2 Ka4 51. Rxg6 Kb5 52. Rg1 Ka6 53. Rb1 Re8 54. Bd4 Rd8 55. Rg1 Rc8 56. Rg7 Ra8 57. Kc4 Re8 58. Rc7 Re6 59. Kd3 Rh6 60. Ke4 Rh4+ 61. Kd3 Rh6 62. Rd7 Rg6 63. Ke4 Rh6 64. Ke5 Rh5+ 65. Kf6 Rh4 66. Kg5 Re4 67. Kf5 Rh4 68. Be3 Rh3 69. Ke4 Rh4+ 70. Kd3 Rg4 71. Rh7 Rg8 72. Bf4 Rc8 73. Bd6 Ra8 74. Kc4 Rg8 75. Rc7 Rg4+ 76. Kd3 Kb5 77. Rxa7 Rh4 78. Rb7+ Ka5 79. Rb6 Rh3+ 80. Ke4 Rh4+ 81. Ke5 Rh5+ 82. Ke4 1-0

[Event "94th FRA-ch Women 2019"]
[Site "Chartres"]
[Date "2019.08.23"]
[Round "7.3"]
[White "Guichard, Pauline"]
[Black "Richard, Emma"]
[Result "1-0"]
[ECO "B07"]
[WhiteElo "2405"]
[BlackElo "2104"]
[Annotator "NA"]
[PlyCount "91"]
[EventDate "2019.08.17"]
[EventType "tourn"]
[EventCountry "FRA"]
[SourceTitle "playchess.com"]
[Source "ChessBase"]
[SourceQuality "1"]
[TimeControl "40/5400+30:1800+30"]

1. d4 Nf6 2. Bf4 g6 3. Nc3 Bg7 4. e4 d6 5. Qd2 c6 6. Bh6 O-O 7. O-O-O b5 8. Bd3 b4 9. Nce2 Bxh6 10. Qxh6 Ng4 11. Qf4 e5 12. Qg3 Qa5 13. Kb1 exd4 14. Nxd4 Qe5 15. Nh3 Qxd4 16. Ba6 Qe5 17. f4 Qe8 18. Bxc8 Qxc8 19. f5 Nf6 20. Qh4 Nxe4 21. fxg6 fxg6 22. Qxe4 d5 23. Qxb4 a5 24. Qh4 Na6 25. Rhe1 Ra7 26. Ng5 Rb7 27. a3 Qf5 28. Rf1 Qe5 29. Rxf8+ Kxf8 30. b3 Kg8 31. Re1 Qb8 32. Re3 Nc5 33. Qe1 Ne4 34. Nxe4 dxe4 35. Rxe4 Qxh2 36. Re8+ Kg7 37. Qc3+ Kh6 38. Re3 Qg1+ 39. Kb2 Rb5 40. Qd2 g5 41. Rh3+ Kg6 42. Qd6+ Kg7 43. Qe7+ Kg6 44. Qxh7+ Kf6 45. Rf3+ Ke6 46. Qg6+ 1-0

[Event "94th FRA-ch Women 2019"]
[Site "Chartres"]
[Date "2019.08.23"]
[Round "7.4"]
[White "Broly, Mathilde"]
[Black "Leconte, Maria"]
[Result "1/2-1/2"]
[ECO "D30"]
[WhiteElo "2177"]
[BlackElo "2252"]
[Annotator "NA"]
[PlyCount "38"]
[EventDate "2019.08.17"]
[EventType "tourn"]
[EventCountry "FRA"]
[SourceTitle "playchess.com"]
[Source "ChessBase"]
[SourceQuality "1"]
[TimeControl "40/5400+30:1800+30"]

1. c4 e6 2. Nf3 d5 3. e3 c5 4. d4 a6 5. b3 Nf6 6. Nc3 cxd4 7. exd4 Bb4 8. Bd2 Nc6 9. a3 Be7 10. Be3 Ne4 11. Nxe4 dxe4 12. Ne5 Nxe5 13. dxe5 Qxd1+ 14. Kxd1 O-O 15. Kc2 Bd7 16. Be2 Rfc8 17. Rhc1 a5 18. Kd2 f5 19. f4 exf3 1/2-1/2

[Event "94th FRA-ch Women 2019"]
[Site "Chartres"]
[Date "2019.08.23"]
[Round "7.5"]
[White "Monpeurt, Cyrielle"]
[Black "Safranska, Anda"]
[Result "1/2-1/2"]
[ECO "B06"]
[WhiteElo "2171"]
[BlackElo "2128"]
[Annotator "NA"]
[PlyCount "85"]
[EventDate "2019.08.17"]
[EventType "tourn"]
[EventCountry "FRA"]
[SourceTitle "playchess.com"]
[Source "ChessBase"]
[SourceQuality "1"]
[TimeControl "40/5400+30:1800+30"]

1. e4 g6 2. d4 Bg7 3. Nc3 d6 4. Be3 a6 5. Qd2 b5 6. h4 h6 7. f3 e6 8. O-O-O Bb7 9. Nh3 Ne7 10. g4 Nd7 11. Kb1 Nb6 12. Qf2 b4 13. Ne2 a5 14. Ng3 Qd7 15. Bd3 O-O-O 16. Qe2 Kb8 17. h5 g5 18. Rhf1 Rhf8 19. Rc1 f5 20. exf5 exf5 21. Nxf5 Nxf5 22. Bxf5 Rxf5 23. gxf5 Qxf5 24. Ng1 Re8 25. Qf2 Nd5 26. Rce1 Ba6 27. Bc1 Rf8 28. Ne2 Qf7 29. Qg1 Qxh5 30. Ng3 Qf7 31. Ne4 Bxf1 32. Qxf1 Qd7 33. Qa6 Rxf3 34. Nd2 Rf8 35. Nc4 Qc8 36. Qxa5 Qb7 37. Qa4 Bxd4 38. Na5 Qb6 39. Nc6+ Kb7 40. Na5+ Kb8 41. Nc6+ Kb7 42. Na5+ Kb8 43. Nc6+ 1/2-1/2

[Event "94th FRA-ch Women 2019"]
[Site "Chartres"]
[Date "2019.08.24"]
[Round "8.1"]
[White "Monpeurt, Cyrielle"]
[Black "Broly, Mathilde"]
[Result "1/2-1/2"]
[ECO "C56"]
[WhiteElo "2171"]
[BlackElo "2177"]
[Annotator "NA"]
[PlyCount "56"]
[EventDate "2019.08.17"]
[EventType "tourn"]
[EventCountry "FRA"]
[SourceTitle "playchess.com"]
[Source "ChessBase"]
[SourceQuality "1"]
[TimeControl "40/5400+30:1800+30"]

1. e4 e5 2. Nf3 Nc6 3. d4 exd4 4. Bc4 Nf6 5. e5 d5 6. Bb5 Ne4 7. Nxd4 Bd7 8. Bxc6 bxc6 9. O-O Bc5 10. Be3 Bb6 11. f3 Ng5 12. f4 Ne6 13. c3 c5 14. Nxe6 Bxe6 15. f5 Bc8 16. Qg4 g6 17. e6 fxe6 18. fxg6 hxg6 19. Nd2 Qh4 20. Qxg6+ Kd7 21. Nf3 Qh5 22. Qc2 Bb7 23. Qa4+ Bc6 24. Qf4 Raf8 25. Ne5+ Ke8 26. Qg3 Rfg8 27. Qf4 Rf8 28. Qg3 Rfg8 1/2-1/2

[Event "94th FRA-ch Women 2019"]
[Site "Chartres"]
[Date "2019.08.24"]
[Round "8.2"]
[White "Leconte, Maria"]
[Black "Milliet, Sophie"]
[Result "0-1"]
[ECO "B48"]
[WhiteElo "2252"]
[BlackElo "2397"]
[Annotator "NA"]
[PlyCount "107"]
[EventDate "2019.08.17"]
[EventType "tourn"]
[EventCountry "FRA"]
[SourceTitle "playchess.com"]
[Source "ChessBase"]
[SourceQuality "1"]
[TimeControl "40/5400+30:1800+30"]

1. e4 c5 2. Nf3 Nc6 3. d4 cxd4 4. Nxd4 e6 5. Nc3 Qc7 6. Be2 a6 7. Be3 b5 8. a3 Bb7 9. f4 Nxd4 10. Qxd4 Rc8 11. Bf3 h5 12. O-O Nf6 13. h3 h4 14. Rf2 Nh5 15. Rd1 Bc5 16. Qxc5 Qxc5 17. Bxc5 Rxc5 18. Rfd2 Rc7 19. Bxh5 Rxh5 20. Rd4 Rhc5 21. R1d2 g5 22. e5 gxf4 23. Rxf4 Rxe5 24. Rxh4 Rf5 25. Ne4 Ke7 26. Nf2 Rc4 27. Rh7 Bc6 28. c3 a5 29. Ng4 Re4 30. Kh2 Rf1 31. Nf2 Re5 32. Ng4 Ree1 33. Nf2 e5 34. Nd3 Rh1+ 35. Kg3 Re3+ 36. Kf2 Rxd3 37. Rxd3 Be4 38. Re3 Bxh7 39. Rxe5+ Kd6 40. Rxb5 a4 41. Rb4 Bc2 42. Rd4+ Ke6 43. Rd2 Bb3 44. Kg3 Rc1 45. Kf4 Rc2 46. Ke3 Rxd2 47. Kxd2 Bd5 48. g3 Bg2 49. h4 Kf5 50. c4 Kg4 51. Ke3 f5 52. Kd4 Be4 53. Ke5 Bc2 54. h5 0-1

[Event "94th FRA-ch Women 2019"]
[Site "Chartres"]
[Date "2019.08.24"]
[Round "8.3"]
[White "Navrotescu, Andreea-Cristiana"]
[Black "Guichard, Pauline"]
[Result "1/2-1/2"]
[ECO "E76"]
[WhiteElo "2210"]
[BlackElo "2405"]
[Annotator "NA"]
[PlyCount "155"]
[EventDate "2019.08.17"]
[EventType "tourn"]
[EventCountry "FRA"]
[SourceTitle "playchess.com"]
[Source "ChessBase"]
[SourceQuality "1"]
[TimeControl "40/5400+30:1800+30"]

1. d4 Nf6 2. c4 g6 3. Nc3 Bg7 4. e4 d6 5. f4 O-O 6. Nf3 c5 7. d5 e6 8. dxe6 fxe6 9. Bd3 Nc6 10. O-O Nd4 11. Bd2 Bd7 12. Nxd4 cxd4 13. Nb5 Bxb5 14. cxb5 d5 15. exd5 Qxd5 16. Qe2 Rae8 17. Rae1 Qd6 18. Qe5 Qxe5 19. Rxe5 Nd7 20. Ree1 Nb6 21. Re4 Rf7 22. Rfe1 Rc7 23. b3 Kf7 24. Ba5 Rce7 25. g4 Nd5 26. Bc4 Ne3 27. R1xe3 dxe3 28. f5 gxf5 29. gxf5 Kf6 30. Bxe6 Rxe6 31. Rxe6+ Rxe6 32. fxe6 Kxe6 33. Kg2 Kd5 34. Kf3 Kd4 35. Ke2 Be5 36. h3 Bf4 37. Bb4 Bc7 38. Ba3 Bb6 39. Bb2+ Ke4 40. Bc3 Kf4 41. Be1 Bd8 42. Bb4 Bb6 43. Be1 Bc5 44. a4 Bb6 45. Bc3 Ke4 46. Bf6 Bc7 47. Bc3 Bd6 48. Bf6 Bf4 49. Bc3 Bg5 50. Bb2 Bf4 51. Bf6 Bb8 52. Bc3 h5 53. Bf6 Bf4 54. Bb2 Bc7 55. Bc3 Bb6 56. Bf6 Kf4 57. Bh4 Bd4 58. Be1 Bb6 59. Bc3 Ke4 60. Bf6 Bc7 61. Bc3 Bb8 62. Bf6 Bd6 63. Bc3 Bc5 64. Bf6 Bd4 65. Bg5 Bc5 66. Bf6 Kf4 67. Bh4 Bb4 68. Bf6 Ke4 69. Bb2 Bd2 70. Bf6 a6 71. bxa6 bxa6 72. Bb2 a5 73. Bf6 Kf4 74. Bd4 Ke4 75. Bb6 Kf4 76. Bc7+ Ke4 77. Bb6 Kf4 78. Bc7+ 1/2-1/2

[Event "94th FRA-ch Women 2019"]
[Site "Chartres"]
[Date "2019.08.24"]
[Round "8.4"]
[White "Safranska, Anda"]
[Black "Richard, Emma"]
[Result "1/2-1/2"]
[ECO "B26"]
[WhiteElo "2128"]
[BlackElo "2104"]
[Annotator "NA"]
[PlyCount "111"]
[EventDate "2019.08.17"]
[EventType "tourn"]
[EventCountry "FRA"]
[SourceTitle "playchess.com"]
[Source "ChessBase"]
[SourceQuality "1"]
[TimeControl "40/5400+30:1800+30"]

1. e4 c5 2. d3 g6 3. g3 Bg7 4. Bg2 Nc6 5. Nc3 d6 6. Be3 e5 7. Nh3 Nge7 8. Qd2 Nd4 9. Ng1 O-O 10. h4 h5 11. O-O-O b5 12. Kb1 b4 13. Nce2 a5 14. Nxd4 cxd4 15. Bh6 Be6 16. Bxg7 Kxg7 17. f4 f6 18. f5 gxf5 19. exf5 Nxf5 20. Bxa8 Qxa8 21. Rh2 Ne3 22. Rc1 Nd5 23. Ne2 Qc6 24. c4 Ne3 25. Ng1 Rb8 26. b3 a4 27. Re1 axb3 28. axb3 Ra8 29. Ne2 Qa6 30. Qb2 Bf5 31. Nc1 Bg4 32. Rd2 d5 33. Na2 dxc4 34. dxc4 Qb7 35. Ka1 Qf3 36. Rf2 Qxg3 37. Qd2 Qxh4 38. Rc1 Nd1 39. Rh2 Rxa2+ 40. Qxa2 Qg5 41. Qd2 Qxd2 42. Rxd2 Nc3 43. Re1 Kf7 44. Kb2 Bf5 45. Kc1 d3 46. Rh2 Bg4 47. Kd2 Be2 48. Rexe2 dxe2 49. Rxh5 Ke6 50. Rh6 Kd7 51. Ke1 f5 52. Rf6 f4 53. Rf5 Ke6 54. Rf8 Ke7 55. Rf5 Ke6 56. Rf8 1/2-1/2

[Event "94th FRA-ch Women 2019"]
[Site "Chartres"]
[Date "2019.08.24"]
[Round "8.5"]
[White "Maisuradze, Nino"]
[Black "Thomas, Anysia"]
[Result "1-0"]
[ECO "D70"]
[WhiteElo "2203"]
[BlackElo "2158"]
[Annotator "NA"]
[PlyCount "111"]
[EventDate "2019.08.17"]
[EventType "tourn"]
[EventCountry "FRA"]
[SourceTitle "playchess.com"]
[Source "ChessBase"]
[SourceQuality "1"]
[TimeControl "40/5400+30:1800+30"]

1. d4 Nf6 2. c4 g6 3. Nf3 Bg7 4. e3 d5 5. cxd5 Nxd5 6. e4 Nb6 7. a4 a5 8. Bb5+ Bd7 9. Nc3 O-O 10. O-O Bg4 11. d5 c6 12. dxc6 Nxc6 13. Be3 Qc7 14. Rc1 Nd7 15. Nd5 Qd8 16. h3 Bxf3 17. Qxf3 e6 18. Nc3 Nde5 19. Qg3 Nd4 20. Rfd1 Nec6 21. Bxc6 bxc6 22. Bxd4 Bxd4 23. Ne2 c5 24. Nxd4 cxd4 25. Qe5 d3 26. Qc3 Rc8 27. Qxc8 Qxc8 28. Rxc8 Rxc8 29. Rxd3 Rc4 30. b3 Rxe4 31. Rd8+ Kg7 32. Rb8 Re2 33. Rb5 Rb2 34. h4 h5 35. g3 Kf6 36. Kg2 Rb1 37. Kf3 Rc1 38. Ke4 Rc3 39. Kd4 Rf3 40. Kc4 Rxf2 41. Rxa5 Rc2+ 42. Kd4 Rc1 43. Ke4 Rc3 44. Rb5 Rxg3 45. a5 Rg4+ 46. Kf3 Rg1 47. Rb4 Rd1 48. a6 Rd8 49. a7 Ra8 50. Rb7 Ke5 51. b4 Kd4 52. b5 e5 53. b6 e4+ 54. Ke2 Rc8 55. Rd7+ Ke5 56. b7 1-0

[Event "94th FRA-ch Women 2019"]
[Site "Chartres"]
[Date "2019.08.25"]
[Round "9.1"]
[White "Thomas, Anysia"]
[Black "Leconte, Maria"]
[Result "1/2-1/2"]
[ECO "A81"]
[WhiteElo "2158"]
[BlackElo "2252"]
[Annotator "NA"]
[PlyCount "36"]
[EventDate "2019.08.17"]
[EventType "tourn"]
[EventCountry "FRA"]
[SourceTitle "playchess.com"]
[Source "ChessBase"]
[SourceQuality "1"]
[TimeControl "40/5400+30:1800+30"]

1. g3 f5 2. d4 e6 3. Bg2 Nf6 4. Nh3 d5 5. O-O Be7 6. b3 O-O 7. Ba3 Bxa3 8. Nxa3 Qe7 9. Qc1 c5 10. c4 cxd4 11. cxd5 Nxd5 12. Nb5 Nc6 13. Rd1 d3 14. Rxd3 Ncb4 15. Rd1 Bd7 16. Nc7 Rac8 17. Nxd5 Nxd5 18. Qd2 Bc6 1/2-1/2